 Dungeon Crawl Stone Soup version 0.32-a0-377-g951292165a (webtiles) character file.

Game seed: 5534601009785297577

11 Ic0nGaming the Magician (level 2, 0/19 HPs)
             Began as a Coglin Hedge Wizard on Feb 19, 2024.
             Slain by a gnoll
             ... wielding a +0 spear
              (5 damage)
             ... on level 1 of the Dungeon.
             The game lasted 00:03:54 (478 turns).

Ic0nGaming the Magician (Coglin Hedge Wizard)        Turns: 478, Time: 00:03:55

Health: 0/19       AC:  2    Str: 10    XL:     2   Next: 25%
Magic:  2/5        EV: 12    Int: 13    God:
Gold:   8          SH:  0    Dex: 13    Spells: 4/6 levels left

rFire   . . .        a - +0 dagger {Paser}
rCold   . . .        (no shield)
rNeg    . . .        b - +0 robe
rPois   .            c - +0 hat
rElec   .            (no cloak)
rCorr   .            (no gloves)
SInv    .            (no boots)
Will    .....        (no amulet)
Stlth   ++           (no ring)
HPRegen 0.23/turn    (no ring)
MPRegen 0.09/turn

%: no passive effects
@: very slightly contaminated, stiff-legged, very slow
A: off-hand wielding, slow wielding, warmup strikes, warmup strides
a: no special abilities


You were on level 1 of the Dungeon.
You visited 1 branch of the dungeon, and saw 1 of its levels.

You collected 8 gold pieces.

Inventory:

Hand Weapons
 a - a +0 dagger (weapon) {Paser}
Armour
 b - a +0 robe (worn)
 c - a +0 hat (worn)
 f - an orb of mayhem
Scrolls
 g - a scroll of revelation {unknown}
 h - 2 scrolls of teleportation {unknown}
Potions
 d - 3 potions of magic
 e - a potion of curing {unknown}
 i - a potion of mutation {unknown}
 j - a potion of enlightenment {unknown}


   Skills:
 - Level 1.7 Dodging
 + Level 2.0 Stealth
 + Level 2.8 Spellcasting
 + Level 1.2 Conjurations
 - Level 1.0 Summonings
 - Level 1.0 Translocations


You had 4 spell levels left.
You knew the following spells:

 Your Spells              Type           Power      Damage    Failure   Level
a - Magic Dart            Conj           20%        1d4       14%         1
b - Slow                  Hex            4%         N/A       24%         1

Your spell library contained the following spells:

 Spells                   Type           Power      Damage    Failure   Level
 Blink                    Tloc           8%         N/A       24%         2
 Call Imp                 Summ           8%         N/A       24%         2
 Cigotuvi's Dreadful Rot  Necr/Alch/Air  2%         N/A       34%         2
 Mephitic Cloud           Conj/Alch/Air  2%         N/A       52%         3


Dungeon Overview and Level Annotations

Branches:
Dungeon (1/15)

Altars:

Shops:
D:1 [


Innate Abilities, Weirdness & Mutations

You can wield a second weapon in your off-hand.
It takes a long time for you to wield or remove held weapons.
Your first few attacks do less damage.
Your first movements take longer.


Message History

The frilled lizard hisses angrily.
Found a viscous pink potion.
The magic dart hits the frilled lizard.
You kill the frilled lizard!
Your Stealth skill increases to level 2!
Unknown command.
Casting: Magic Dart (safe; 14% risk of failure)
Confirm with . or Enter, or press ? or * to list all spells.
Okay, then.
You start memorising the spell.
You continue memorising.
The gnoll barely misses you.
You finish memorising.
Spell assigned to 'b'.
Casting: Magic Dart (safe; 14% risk of failure)
Confirm with . or Enter, or press ? or * to list all spells.
Aiming: Slow (safe; 24% risk of failure)
Press: ? - help, Shift-Dir - straight line, f - gnoll
Aim: a gnoll, wielding a +0 spear (chance to affect: 42%)
The gnoll seems to slow down.
The gnoll hits you from afar with a +0 spear!
The gnoll is no longer moving slowly.
The gnoll attacks as it pursues you! The gnoll misses you.
Casting: Slow (safe; 24% risk of failure)
Confirm with . or Enter, or press ? or * to list all spells.
Aiming: Slow (safe; 24% risk of failure)
Press: ? - help, Shift-Dir - straight line, f/p - gnoll
Aim: a gnoll, wielding a +0 spear (chance to affect: 42%)
The gnoll resists with some effort.
The gnoll hits you from afar with a +0 spear!
* * * LOW HITPOINT WARNING * * *
Unknown command.
Casting: Slow (safe; 24% risk of failure)
Confirm with . or Enter, or press ? or * to list all spells.
Aiming: Slow (safe; 24% risk of failure)
Press: ? - help, Shift-Dir - straight line, f/p - gnoll
Aim: a gnoll, wielding a +0 spear (chance to affect: 42%)
You miscast Slow.
You are very lightly contaminated with residual magic.
Nothing appears to happen.
The gnoll hits you from afar with a +0 spear.
You die...

...⌠~~⌠~P.####♣.♣.♣.♣.......♣.
#..........####.....#.####...#♣
#######.##[...♣.....♣.# #.....
###.###.###.......# #...#
#.........♣.....♣## #...#
#...÷...#.......######...####
#.......#.♣.♣.♣.♣............
#.......#....................
####......##...@.g..............
##.ß.∩.>.ß.##.......####.#...#.##
.#......÷...........# #.#...#.##
.##.####.##...####### #.#...#g##
.##. #.##...###### #.#...#.##
###. ..##...##...# #.#...#.## ♣ ♣
##.##.>.''.<.# #.........
♣♣♣♣♣....##...##...# ##.#.#.###
♣♣~.P♣ .# #...####+# .#.!. #


You could see a gnoll.

Vanquished Creatures
  2 bats (D:1)
  3 hobgoblins (D:1)
  A frilled lizard (D:1)
6 creatures vanquished.

Notes
Turn   | Place    | Note
-------+----------+-------------------------------------------
     0 | D:1      | Ic0nGaming the Coglin Hedge Wizard began the quest for the
                  | Orb.
     0 | D:1      | Reached XP level 1. HP: 13/13 MP: 4/4
     8 | D:1      | Found Botir's Armour Shop.
    29 | D:1      | Reached skill level 1 in Conjurations
    73 | D:1      | Found a faded altar of an unknown god.
   251 | D:1      | Reached XP level 2. HP: 18/19 MP: 0/5
   474 | D:1      | Learned a level 1 spell: Slow
   478 | D:1      | Slain by a gnoll

Illustrated notes

Levels and vault maps discovered:
D:1:      dpeg_arrival_simpleton_b, layout_loops_cross, serial_shops,
          shop_statue, shapermc_ecumenical_altar_acropolis, serial_forest,
          infiniplex_forest_clump_small, infiniplex_forest_straight_3,
          infiniplex_forest_straight_2, infiniplex_forest_lined_room_2,
          infiniplex_forest_lined_ring, infiniplex_forest_pool,
          infiniplex_forest_corner_1

Skill      XL: |  1  2 |
---------------+-------+-----
Conjurations   | 1 |  1.2
Stealth        | 2 |  2.0
Dodging        | |  1.7
Spellcasting   | |  2.8
Summonings     | |  1.0
Translocations | |  1.0

Action                     || total
---------------------------++-------
  Melee: Dagger            ||    38
   Cast: Magic Dart        ||    13
         Slow              ||     2
 Armour: Robe              ||    22
  Dodge: Dodged            ||    34

Table legend: (Time is in decaauts)
 A = Elapsed time spent in this place.
 B = Non-inter-level travel time spent in this place.
 C = Inter-level travel time spent in this place.
 D = Time resting spent in this place.
 E = Time spent auto-exploring this place.
 F = Levels seen in this place.
 G = Mean time per level.
                   A        B        C        D        E       F      G
               +--------+--------+--------+--------+--------+-----+--------+
         Total |    500 |    500 |      0 |    189 |    112 |   1 |  500.0 |
       Dungeon |    500 |    500 |      0 |    189 |    112 |   1 |  500.0 |
               +--------+--------+--------+--------+--------+-----+--------+

Top non-repeatable levels by time:
     D:1: 500 daAuts
